cellophane, lawful male human Archeologist ------------- |.......q.:.. |...........| |...$..q....| |.....@.....- ------.--.-.- ### # # # ### ##### # # # ### ##### # # # ### ##### # ######### -+-.-.- # |.....| |>....| |.....| ------- cellophane the Field Worker Experience level: 4 Strength: 16 Dexterity: 9 Constitution: 12 Intelligence: 17 Wisdom: 14 Charisma: 9 Health: 0(29) Energy: 17(17) Def: 2 Gold: 750 Moves: 2745 Dungeon seed: yI3G5j8n5Dm3p-4_ Game ID: cellophane_1527595781 Your Inventory: Coins $ - 750 gold pieces Weapons a - a +3 bullwhip k - 2 +0 orcish daggers Armor e - an uncursed +0 leather jacket (being worn) z - an uncursed +0 orcish helm (being worn) Comestibles b - 5 uncursed food rations s - an uncursed tripe ration v - an uncursed fortune cookie A - an uncursed tin of kobold shaman meat Spellbooks l - an uncursed spellbook of detect unseen Potions x - an uncursed potion of oil Rings w - a cursed ring of aggravate monster Tools c - a +0 pick-axe (weapon in hand) d - a tinning kit (0:57) f - an uncursed sack t - an uncursed credit card Gems n - 2 uncursed worthless pieces of black glass q - an uncursed touchstone r - 10 uncursed rocks (in quiver) u - an uncursed worthless piece of red glass y - an uncursed worthless piece of white glass N - an uncursed worthless piece of yellow glass Y - 2 uncursed worthless pieces of yellowish brown glass Contents of the sack: an uncursed potion of paralysis Spells and supernatural/magical abilities: Name Level Category Fail Memory U - detect unseen 3 divination 100% 91% W - pray for help -- divine ? -- Your skills at the end: Fighting Skills Weapon Skills pick-axe [Basic] whip [Basic] Spellcasting Skills Final Attributes: You were piously aligned. You were poison resistant. You were stealthy. You were fast. You were lucky. You are dead. Vanquished creatures: a floating eye a kitten a kobold shaman a werejackal an iguana an acid blob 2 giant rats 4 cave spiders a brown mold a gnome zombie 5 jackals a fox 4 kobolds 3 goblins 2 sewer rats 2 grid bugs 3 bats 6 lichens 7 newts 47 creatures vanquished. Voluntary challenges: You used a wielded weapon 38 times, starting on turn 160. You read items or engraved 12 times, starting on turn 153. You never genocided any monsters. You never polymorphed an object. You changed form 1 time, starting on turn 2252. You used no wishes. You never split a pudding. You wrote Elbereth's name 1 time, starting on turn 2691. You never violated your personal moral code. Dungeon overview: The Dungeons of Doom: levels 1 to 7 Level 1 an altar to Quetzalcoatl a long staircase Level 2 Level 3 Level 4 some fountains a long staircase Level 7 <- You were here History has recorded: On T:1 you entered the Dungeons of Doom to retrieve the Amulet of Yendor! On T:755 you reached level 2 of The Dungeons of Doom. On T:954 you advanced to experience level 2. On T:1281 you reached level 3 of The Dungeons of Doom. On T:1289 you advanced to experience level 3. On T:2048 you advanced to experience level 4. On T:2433 you reached level 4 of The Dungeons of Doom. On T:2689 you reached level 7 of The Dungeons of Doom. Score breakdown: Gold: 750 ( 9781 points) Experience: 4 levels ( 9649 points) Exploration: 7 levels ( 14.89%) (10834 points) Discoveries: 9 items ( 3.02%) ( 5213 points) Valuables value: (no points given unless you survive) Artifact value: 0 ( 0 points) Variety of kills: 19 monsters ( 4.99%) ( 6699 points) Turncount: 2745 turns ( -468 points) Survival: died (score multiplied by 80%) Total score: 33366 Latest messages: The rothe turns to flee! You start digging. You hit the rock with all your might. You succeed in cutting away some rock. Never mind. $ - 113 gold pieces. This door is locked. You start digging. You hit the rock with all your might. You make an opening in the wall. You hit the rothe. The rothe hits! The rothe bites! (2x) You miss the rothe. The rothe hits! The rothe bites! (2x) You write in the dust with your fingers. The rothe hits! The rothe bites! (2x) The rothe hits! You die... Final status: Goodbye cellophane the Archeologist, killed by a rothe... You died in The Dungeons of Doom on dungeon level 7 with 33366 points, and 750 pieces of gold, after 2745 moves. You were level 4 with a maximum of 29 hit points when you died.